 Dungeon Crawl Stone Soup version 0.32-a0-42-ga30500b4d3 (webtiles) character file.

Game seed: 12514971993734718789

5275 iamserjio the Arsonist (level 10, -6/56 HPs)
             Began as a Tengu Fire Elementalist on Feb 2, 2024.
             Was a Believer of Sif Muna.
             Killed from afar by an electric eel (13 damage)
             ... with a bolt of electricity
             ... on level 7 of the Dungeon.
             The game lasted 00:17:45 (2407 turns).

iamserjio the Arsonist (Tengu Fire Elementalist)    Turns: 2407, Time: 00:17:46

Health: -6/56      AC:  4    Str:  6    XL:     10   Next: 63%
Magic:  17/28      EV: 18    Int: 23    God:    Sif Muna [**....]
Gold:   268        SH:  4    Dex: 14    Spells: 7/20 levels left

rFire   . . .        A - +2 short sword (speed)
rCold   . . .        (no shield)
rNeg    . . .        a - +0 robe
rPois   .            (helmet restricted)
rElec   .            v - +0 cloak
rCorr   +            h - +0 pair of gloves
SInv    .            (boots unavailable)
Will    .....        (no amulet)
Stlth   ++           y - ring of magical power
HPRegen 0.29/turn    d - ring of resist corrosion
MPRegen 0.21/turn

%: acrobat, clarity
@: flying
A: beak, talons 3, evasive flight, acrobatic, large bone plates 1, clarity,
clever 1, weak 1, MP-powered wands
a: Renounce Religion, Channel Magic


You were on level 7 of the Dungeon.
You worshipped Sif Muna.
Sif Muna was pleased with you.
You visited 2 branches of the dungeon, and saw 11 of its levels.

You collected 268 gold pieces.

Inventory:

Hand Weapons
 e - a +0 short sword
 s - a +0 spear
 A - a +2 short sword of speed (weapon)
Missiles
 t - 9 poisoned darts
 B - 2 curare-tipped darts
Armour
 a - a +0 robe (worn)
 h - a +0 pair of gloves (worn)
 v - a +0 cloak (worn)
Jewellery
 d - a ring of resist corrosion (right hand)
 y - a ring of magical power (left hand)
Wands
 x - a wand of digging (4) {@v3}
 C - a wand of mindburst (3)
 F - a wand of flame (11)
Scrolls
 g - a scroll of fog {unknown}
 j - a scroll of blinking {unknown}
 k - 4 scrolls of teleportation {unknown}
 l - a scroll of identify {unknown}
 m - 2 scrolls of poison {unknown}
 q - 2 scrolls of fear
 u - 3 scrolls of noise {unknown}
 w - a scroll of butterflies {unknown}
 z - a scroll of amnesia {unknown}
 G - a scroll of revelation {unknown}
 I - a scroll of immolation {unknown}
Potions
 b - a potion of magic
 c - a potion of heal wounds {unknown}
 f - a potion of enlightenment {unknown}
 i - 3 potions of curing {unknown}
 n - a potion of resistance {unknown}
 o - 2 potions of cancellation {unknown}
 p - 2 potions of might {@q3}
 r - 4 potions of lignification {unknown}
 D - a potion of berserk rage
 E - a potion of mutation
 H - a potion of haste {unknown}


   Skills:
 - Level 4.0 Fighting
 * Level 5.7 Dodging
 - Level 2.0 Stealth
 + Level 5.7 Spellcasting
 - Level 8.7 Conjurations
 - Level 1.0 Hexes
 + Level 10.9 Fire Magic
 + Level 3.8 Invocations
 - Level 2.0 Evocations


You had 7 spell levels left.
You knew the following spells:

 Your Spells              Type           Power      Damage    Failure   Level
a - Foxfire               Conj/Fire      100%       2x1d9     1%          1
b - Scorch                Fire           100%       2d9       1%          2
c - Inner Flame           Hex/Fire       34%        N/A       2%          3
d - Flame Wave            Conj/Fire      51%        2d13      1%          4
e - Volatile Blastmotes   Fire/Tloc      62%        2d15      2%          3

Your spell library contained the following spells:

 Spells                   Type           Power      Damage    Failure   Level


Dungeon Overview and Level Annotations

Branches:
Dungeon (10/15) Zot: 26599  Temple (1/1) D:7 Zot: 5963     Orc (0/2) D:10
   Lair: D:8-11

Altars:
Ashenzari
Cheibriados
Dithmenos
Elyvilon
Fedhas
Gozag
Hepliaklqana
Kikubaaqudgha
Makhleb
Nemelex Xobeh
Okawaru
Qazlal
Ru
Sif Muna
Trog
Uskayaw
Vehumet
Wu Jian
Xom
Yredelemnul
Zin
The Shining One

Annotations:
D:4 Edmund
D:8 Grum
Temple 2 transporters


Innate Abilities, Weirdness & Mutations

You have a beak for a mouth.
You have claws for feet.
Your magical flight helps you evade attacks. (EV +4)
You can magically evade attacks while moving or waiting.
You are partially covered in large bone plates. (SH +4)
You possess an exceptional clarity of mind.
Your mind is acute. (Int +4, Str/Dex -1)
You are weak. (Str -2)
You expend magic power (3 MP) to strengthen your wands.


Message History

Casting: Flame Wave (dangerous; 1% risk of failure)
Press: ? - help, Dir - look around, f - activate A wave of flame ripples out!
The flame wave engulfs the killer bee.
The flame wave engulfs the killer bee! (Press . to intensify the flame waves.)
The killer bee stings you.
* * * LOW HITPOINT WARNING * * *
You are poisoned.
The killer bee poisons you! The killer bee closely misses you.
The killer bee barely misses you. The killer bee misses you.
The killer bee closely misses you.
A wave of flame ripples out!
The flame wave engulfs the killer bee!
You kill the killer bee!
Sif Muna accepts your kill.
The flame wave engulfs the killer bee!!
You kill the killer bee!
Sif Muna accepts your kill.
The flame wave engulfs the killer bee!
You kill the killer bee!
Sif Muna accepts your kill.
* * * LOW HITPOINT WARNING * * *
You feel very sick.
You feel sick.
* * * LOW HITPOINT WARNING * * *
You feel sick.
You feel sick.
You feel sick.
You feel sick.
You feel sick.
You feel sick.
You are no longer poisoned.
Unknown command.
You already know all available spells.
Unknown command.
Unknown command.
You reach down and open the door.
A bullfrog and an electric eel come into view.
The electric eel shoots out a bolt of lightning at you!
The bolt of electricity hits you!
You die...

#...........#....
#...........##.##
#..........###.#.
#..........# #.#.
##..........#
#.#.
#..#######.##
#.## #.## ## ###
#.# #@# #.'.≈≈≈≈≈
###.~≈≈F≈ (~S≈~~
..... #####


You could see a bullfrog and an electric eel.

Vanquished Creatures
  A two-headed ogre (D:7)
  A hornet (D:9)
  9 yaks
  2 wyverns
  A steam dragon (D:8)
  An ice beast (D:6)
  An orc warrior (D:9)
  A black bear (D:6)
  2 sky beasts
  2 ogres
  2 wolves (D:8)
  A centaur (D:6)
  3 kobold brigands
  2 scorpions (D:6)
  3 wights (D:6)
  22 killer bees (D:7)
  2 howler monkeys
  A bombardier beetle (D:3)
  A jelly (D:5)
  An iguana (D:10)
  3 orc wizards
  7 adders
  7 gnolls
  2 white imps (D:5)
  4 ufetubi (D:6)
  11 orcs
  3 ball pythons
  3 bats
  6 endoplasms
  2 goblins
  6 hobgoblins
  5 jackals
  4 quokkas
  A frilled lizard (D:2)
  17 kobolds
  4 rats
144 creatures vanquished.

Vanquished Creatures (others)
  2 orc wizards (D:5)
  158 foxfires
160 creatures vanquished.

Grand Total: 304 creatures vanquished

Notes
Turn   | Place    | Note
-------+----------+-------------------------------------------
     0 | D:1      | iamserjio the Tengu Fire Elementalist began the quest for
                  | the Orb.
     0 | D:1      | Reached XP level 1. HP: 10/10 MP: 4/4
   208 | D:1      | Reached XP level 2. HP: 15/15 MP: 3/6
   271 | D:3      | Reached skill level 4 in Fire Magic
   271 | D:3      | Reached XP level 3. HP: 10/19 MP: 0/7
   345 | D:2      | You fall into a shaft and drop 1 floor!
   427 | D:2      | Learned a level 2 spell: Scorch
   516 | D:3      | Reached XP level 4. HP: 24/24 MP: 3/9
   831 | D:5      | Entered Level 5 of the Dungeon
   886 | D:5      | Reached XP level 5. HP: 28/28 MP: 2/10
   888 | D:5      | Reached skill level 5 in Fire Magic
   953 | D:4      | Noticed Edmund
  1075 | D:5      | Gained mutation: You are partially covered in large bone
                  | plates. (SH +4) [potion of mutation]
  1075 | D:5      | Gained mutation: You have hidden genetic potential. [potion
                  | of mutation]
  1075 | D:5      | Gained mutation: You are weak. (Str -2) [potion of
                  | mutation]
  1075 | D:5      | Gained mutation: You possess an exceptional clarity of
                  | mind. [potion of mutation]
  1102 | D:5      | Reached XP level 6. HP: 5/32 MP: 5/11
  1107 | D:5      | Learned a level 3 spell: Inner Flame
  1112 | D:5      | Learned a level 4 spell: Flame Wave
  1162 | D:5      | Found a snail-covered altar of Cheibriados.
  1163 | D:5      | Found a glowing silver altar of Zin.
  1163 | D:5      | Found a hide-covered altar of Uskayaw.
  1166 | D:5      | Found a radiant altar of Vehumet.
  1190 | D:5      | Reached skill level 1 in Fighting
  1302 | D:6      | Reached skill level 6 in Fire Magic
  1305 | D:6      | Reached skill level 1 in Hexes
  1305 | D:6      | Gained mutation: Your magical flight helps you evade
                  | attacks. (EV +4) [Tengu growth]
  1305 | D:6      | Reached XP level 7. HP: 38/38 MP: 7/13
  1389 | D:6      | Gained mutation: Your mind is acute. (Int +4, Str/Dex -1)
                  | [hidden potential]
  1390 | D:6      | Reached skill level 5 in Conjurations
  1427 | D:6      | Reached skill level 7 in Fire Magic
  1432 | D:6      | Reached XP level 8. HP: 28/45 MP: 13/15
  1474 | D:6      | Gained mutation: You expend magic power (3 MP) to
                  | strengthen your wands. [hidden potential]
  1474 | D:6      | Lost mutation: You have hidden genetic potential. [hidden
                  | potential expressed]
  1600 | D:7      | Found a staircase to the Ecumenical Temple.
  1606 | Temple   | Found a transporter.
  1606 | Temple   | Found a transporter.
  1606 | Temple   | Found a transporter.
  1606 | Temple   | Found a transporter.
  1606 | Temple   | Entered the Ecumenical Temple
  1626 | Temple   | Became a worshipper of Sif Muna the Loreminder
  1645 | D:7      | Noticed a two-headed ogre
  1658 | D:7      | Killed a two-headed ogre
  1659 | D:7      | Reached skill level 9 in Fire Magic
  1659 | D:7      | Reached XP level 9. HP: 33/52 MP: 7/16
  1663 | D:7      | Learned a level 3 spell: Volatile Blastmotes
  1834 | D:7      | Reached skill level 1 in Evocations
  1863 | D:7      | Reached skill level 10 in Fire Magic
  1944 | D:9      | Reached * piety under Sif Muna
  1994 | D:9      | Noticed a hornet
  1999 | D:9      | Killed a hornet
  2000 | D:9      | Reached skill level 5 in Spellcasting
  2005 | D:10     | Entered Level 10 of the Dungeon
  2021 | D:10     | Reached skill level 1 in Invocations
  2021 | D:10     | Reached XP level 10. HP: 30/56 MP: 0/18
  2050 | D:10     | Found a staircase to the Orcish Mines.
  2103 | D:10     | Found a shadowy altar of Dithmenos.
  2165 | D:10     | Noticed a kobold demonologist
  2169 | D:10     | Noticed a kobold demonologist
  2305 | D:9      | Reached skill level 5 in Dodging
  2364 | D:8      | Noticed Grum
  2383 | D:7      | Reached ** piety under Sif Muna
  2389 | D:7      | HP: 2/56 [poisoned by a killer bee]
  2407 | D:7      | Killed from afar by an electric eel

Illustrated notes

Levels and vault maps discovered:
D:1:      dpeg_arrival_signposts, layout_basic, serial_shops,
          nicolae_shop_back_alley_shop
D:2:      layout_rooms, minivault_27
D:3:      layout_rooms
D:4:      layout_gridville, glass_columns_a, uniq_edmund
D:5:      layout_loops_ring, grunt_temple_overflow_open,
          chequers_decorated_corner
D:6:      layout_rooms
D:7:      layout_basic, minmay_temple_entry_waves, nrook_pool_corridor
D:8:      layout_rooms, special_room [special_room_orc], uniq_maurice,
          uniq_pikel, uniq_erica, uniq_grum
D:9:      layout_basic
D:10:     layout_loops_ring, nicolae_overflow_crystal_walls,
          minmay_lair_entry_grove
Temple:   hellmonk_temple_divided_pantheon

Skill      XL: |  1  2  3  4  5  6  7  8  9 10 |
---------------+-------------------------------+-----
Conjurations   | 2 3 4 5 7 8 |  8.7
Fire Magic     | 4 5 6 7 9 10 | 10.9
Spellcasting   | 3 4 5 |  5.7
Fighting       | 1 2 4 |  4.0
Hexes          | 1 |  1.0
Evocations     | 2 |  2.0
Dodging        | 3 5 |  5.7
Invocations    | 1 3 |  3.8
Stealth        | |  2.0

Action                     |  1- 3 |  4- 6 |  7- 9 | 10-12 || total
---------------------------+-------+-------+-------+-------++-------
  Melee: Peck              |     5 |     1 |     1 |       ||     7
         Unarmed           |     1 |       |       |       ||     1
         Short sword       |    23 |    28 |    12 |     5 ||    68
         Kick              |     9 |     5 |       |     2 ||    16
   Cast: Foxfire           |    29 |    29 |    29 |     5 ||    92
         Scorch            |     2 |    28 |    43 |    10 ||    83
         Flame Wave        |       |       |     7 |     8 ||    15
 Invoke: Channel Magic     |       |       |       |     1 ||     1
  Evoke: Wand              |       |       |     5 |    18 ||    23
    Use: Potion            |       |     6 |     1 |       ||     7
         Scroll            |       |       |       |     1 ||     1
   Stab: Sleeping          |     1 |       |       |       ||     1
 Armour: Robe              |    22 |    35 |    30 |    21 ||   108
  Dodge: Dodged            |    36 |    36 |    59 |    32 ||   163
  Block: Other             |       |       |    12 |     1 ||    13

Table legend: (Time is in decaauts)
 A = Elapsed time spent in this place.
 B = Non-inter-level travel time spent in this place.
 C = Inter-level travel time spent in this place.
 D = Time resting spent in this place.
 E = Time spent auto-exploring this place.
 F = Levels seen in this place.
 G = Mean time per level.
                   A        B        C        D        E       F      G
               +--------+--------+--------+--------+--------+-----+--------+
         Total |   2411 |   2195 |    216 |     15 |     53 |  11 |  219.2 |
       Dungeon |   2375 |   2173 |    202 |     15 |     53 |  10 |  237.5 |
        Temple |     36 |     22 |     14 |      0 |      0 |   1 |   36.0 |
               +--------+--------+--------+--------+--------+-----+--------+

Top non-repeatable levels by time:
     D:5: 350 daAuts
     D:3: 325 daAuts
     D:7: 317 daAuts
     D:1: 268 daAuts
     D:6: 267 daAuts
     D:4: 233 daAuts
     D:9: 215 daAuts
    D:10: 178 daAuts
     D:2: 124 daAuts
     D:8: 96 daAuts
  Temple: 36 daAuts
